 Dungeon Crawl Stone Soup version 0.30.1-9-gdf580d7c3d (webtiles) character file.

Game seed: 1419828995222776987

333 monsoonserge the Chopper (level 6, -3/55 HPs)
             Began as a Hill Orc Fighter on Oct 2, 2023.
             Slain by a gnoll
             ... wielding a +0 spear
              (6 damage)
             ... on level 4 of the Dungeon.
             The game lasted 00:05:50 (2912 turns).

monsoonserge the Chopper (Hill Orc Fighter)         Turns: 2912, Time: 00:05:51

Health: -3/55      AC:  6    Str: 21    XL:     6   Next: 52%
Magic:  6/6        EV: 11    Int:  8    God:
Gold:   117        SH:  4    Dex: 10    Spells: 5/5 levels left

rFire   . . .        B - +2 flail (heavy)
rCold   . . .        c - +0 buckler
rNeg    + . .        t - +1 leather armour {rN+}
rPois   .            (no helmet)
rElec   .            m - +0 cloak
rCorr   .            (no gloves)
SInv    .            s - +0 pair of boots
Will    .....        y - amulet of magic regeneration
Stlth   +            (no ring)
HPRegen 0.29/turn    (no ring)
MPRegen 0.50/turn

%: no passive effects
@: no status effects
A: no striking features
a: no special abilities


You were on level 4 of the Dungeon.
You visited 1 branch of the dungeon, and saw 4 of its levels.

You collected 117 gold pieces.

Inventory:

Hand Weapons
 a - a +0 war axe
 B - a +2 heavy flail (weapon)
Missiles
 k - 3 silver javelins (quivered)
 D - 4 javelins
 F - 2 poisoned darts
Armour
 b - a +0 scale mail
 c - a +0 buckler (worn)
 f - a +0 chain mail
 m - a +0 cloak (worn)
 s - a +0 pair of boots (worn)
 t - a +1 leather armour of positive energy (worn)
Jewellery
 y - an amulet of magic regeneration (around neck)
Wands
 h - a wand of flame (29)
 A - a wand of polymorph (9)
 C - a wand of iceblast (3)
Scrolls
 e - a scroll of butterflies {unknown}
 i - a scroll of acquirement {unknown}
 j - 4 scrolls of teleportation {unknown}
 l - 2 scrolls of identify {unknown}
 p - 2 scrolls of magic mapping {unknown}
 u - a scroll of poison {unknown}
 w - 2 scrolls of immolation {unknown}
 x - a scroll of brand weapon {unknown}
Potions
 d - a potion of might
 g - 3 potions of curing {unknown}
 n - a potion of haste {unknown}
 o - a potion of degeneration {unknown}
 q - a potion of attraction {unknown}
 r - 2 potions of invisibility {unknown}
 v - a potion of heal wounds {unknown}
 z - a potion of mutation {unknown}
 E - a potion of lignification {unknown}


   Skills:
 + Level 4.8 Fighting
 - Level 5.2(5.6) Axes
 + Level 2.3(3.7) Maces & Flails
 + Level 4.2 Armour
 - Level 1.0 Dodging
 + Level 4.1 Shields
 - Level 0.3 Unarmed Combat
 + Level 1.0 Evocations


You had 5 spell levels left.
You didn't know any spells.
Your spell library contained the following spells:

 Spells                   Type           Power      Damage    Failure   Level
 Gell's Gravitas          Tloc           0%         N/A       88%         3
 Teleport Other           Tloc           0%         N/A       88%         3
 Dispersal                Tloc           0%         N/A       100%        6


Dungeon Overview and Level Annotations

Branches:
Dungeon (4/15)
 Temple: D:4-7

Altars:
Trog

Shops:
D:3 (


Message History

The gnoll hits you with a +0 flail.
You barely miss the gnoll. You block the gnoll's attack.
The gnoll hits you with a +0 flail. You block the gnoll's attack.
The gnoll hits you with a +0 flail.
An orc comes into view. It is wielding a +0 mace.
You closely miss the gnoll.
The orc shouts!
The gnoll hits you but does no damage. The gnoll completely misses you.
You sock the gnoll!
The gnoll is heavily wounded.
The gnoll hits you but does no damage. The gnoll hits you with a +0 flail!
You block the gnoll's attack.
The gnoll hits you from afar with a +0 spear.
* * * LOW HITPOINT WARNING * * *
You sock the gnoll!
You kill the gnoll!
The gnoll closely misses you. You block the gnoll's attack.
You block the orc's attack.
You sock the orc!
You kill the orc!
The gnoll closely misses you. The gnoll hits you but does no damage.
The gnoll barely misses you.
Items here: ))) [ †.
You completely miss the gnoll. The gnoll hits you with a +0 spear.
* * * LOW HITPOINT WARNING * * *
You block the gnoll's attack.
You barely miss the gnoll. The gnoll hits you with a +0 spear.
* * * LOW HITPOINT WARNING * * *
The gnoll hits you but does no damage.
Unknown command.
You barely miss the gnoll. The gnoll hits you with a +0 spear.
* * * LOW HITPOINT WARNING * * *
A hobgoblin comes into view. It is wielding a +0 dagger.
The gnoll hits you with a +0 spear.
* * * LOW HITPOINT WARNING * * *
The hobgoblin shouts!
You sock the gnoll!
The gnoll is severely wounded.
The gnoll hits you with a +0 spear.
You die...

## #.# #.##.#.....# #
#...#.#####.##.......##$# ##
##...#...................## .
......#####.###........... #. #.#
#.#####g# #.....)##.##
#####.##.###.......###.........).
............................##.##
..#.............g................
.............###@######.#...##.?.
.....##.###.# #.# #.#[..# ##
##..# #.# #.# #.# #.#...#
#..###.###.# #.# #.#...#
#..........# #.# #.#...#
.##..###.##### #.# #.#...#
......##... ... ..#.#.###### #.#
. #.#.## #.#


You could see a gnoll and a hobgoblin.

Vanquished Creatures
  2 orc priests (D:3)
  Crazy Yiuf (D:3)
  Jessica (D:3)
  An orc wizard (D:3)
  2 adders (D:3)
  7 gnolls
  3 worms
  3 dart slugs
  9 orcs
  12 endoplasms
  2 giant cockroaches (D:2)
  8 goblins
  3 hobgoblins
  2 jackals (D:1)
  4 kobolds
  3 quokkas
  7 ball pythons
  4 bats
  10 frilled lizards
  8 rats
92 creatures vanquished.

Notes
Turn   | Place    | Note
-------+----------+-------------------------------------------
     0 | D:1      | monsoonserge the Hill Orc Fighter began the quest for the
                  | Orb.
     0 | D:1      | Reached XP level 1. HP: 19/19 MP: 1/1
    99 | D:1      | Reached XP level 2. HP: 19/27 MP: 2/2
   307 | D:1      | Reached skill level 3 in Axes
   437 | D:1      | Reached XP level 3. HP: 32/33 MP: 3/3
  1187 | D:2      | Reached XP level 4. HP: 23/40 MP: 4/4
  1287 | D:2      | Reached skill level 1 in Evocations
  1295 | D:2      | Reached skill level 4 in Axes
  1436 | D:2      | Found a bloodstained altar of Trog.
  1680 | D:2      | Identified the +1 dagger of the Elven Halls {heavy, rN+
                  | Will+ Dex+2}
  1906 | D:3      | Reached XP level 5. HP: 44/46 MP: 5/5
  1962 | D:3      | Noticed Jessica
  1979 | D:3      | Killed Jessica
  1980 | D:3      | Reached skill level 5 in Axes
  2316 | D:3      | Found Juikus's Weapon Emporium.
  2377 | D:3      | Reached skill level 1 in Maces & Flails
  2377 | D:3      | Reached XP level 6. HP: 44/53 MP: 6/6
  2673 | D:3      | Found a runed translucent door.
  2674 | D:3      | Noticed Crazy Yiuf
  2682 | D:3      | Killed Crazy Yiuf
  2683 | D:3      | Reached skill level 1 in Dodging
  2912 | D:4      | Slain by a gnoll

Illustrated notes

Levels and vault maps discovered:
D:1:      dpeg_arrival_round_a, layout_loops_ring, nrook_loot_triangle,
          amethyst_killhole, st_stairs_8, serial_bayou_ford_a
D:2:      layout_rooms, basic_altar
D:3:      layout_loops_ring, serial_shops, nicolae_shop_behind_doors,
          minmay_distorted, uniq_jessica, uniq_crazy_yiuf_cottage
D:4:      layout_basic, minmay_misc_feat_square, cheibrodos_gnoll_hut,
          uniq_menkaure, uniq_edmund

Skill      XL: |  1  2  3  4  5  6 |
---------------+-------------------+-----
Axes           | 3 4 5 |  5.2
Fighting       | 4 |  4.8
Evocations     | 1 |  1.0
Armour         | 4 |  4.2
Maces & Flails | 1 2 |  2.3
Dodging        | 1 |  1.0
Shields        | 4 |  4.1
Unarmed Combat | |  0.3

Action                     |  1- 3 |  4- 6 || total
---------------------------+-------+-------++-------
  Melee: War axe           |   100 |    70 ||   170
         Flail             |       |    58 ||    58
         Unarmed           |       |    11 ||    11
  Throw: Dart              |       |     2 ||     2
 Armour: Chain mail        |    64 |       ||    64
         Leather armour    |       |    39 ||    39
         Skin              |       |     5 ||     5
  Dodge: Dodged            |    26 |    77 ||   103
  Block: Buckler           |    21 |    40 ||    61
